 Dungeon Crawl Stone Soup version 0.18-a0-486-gab6c0bd (webtiles) character file.

11601 FishmanTm the Transmogrifier (level 11, -8/86 HPs)
             Began as a Yellow Draconian Transmuter on Dec 2, 2015.
             Was an Elder of Cheibriados.
             Mangled by a cyan ugly thing (16 damage)
             ... on level 11 of the Dungeon.
             The game lasted 00:29:40 (13506 turns).

FishmanTm the Transmogrifier (DrTm)                Turns: 13506, Time: 00:29:40

Health: -8/86      AC:  8    Str: 22    XL:     11   Next: 51%
Magic:  9/16       EV: 21    Int: 26    God:    Cheibriados [****..]
Gold:   585        SH:  0    Dex: 23    Spells: 4 memorised, 2 levels left

rFire  . . .     SeeInvis +       - Unarmed
rCold  + . .     Clarity  .     (armour unavailable)
rNeg   . . .     SustAt   .     (shield currently unavailable)
rPois  .         Gourm    .     (helmet restricted)
rElec  .         Spirit   .     l - +0 cloak
rCorr  +         Dismiss  .     (gloves currently unavailable)
rMut   .         Stasis   .     (no boots)
MR     .....                    (no amulet)
Stlth  ++........               t - ring of protection from cold
                                F - ring of see invisible

@: blade hands, very slow, not resistant to hostile enchantments, unstealthy
A: spit acid, acid resistance, unfitting armour, cold-blooded, AC +7
a: Spit Acid, End Transformation, Bend Time, Temporal Distortion, Slouch,
Renounce Religion


You were on level 11 of the Dungeon.
You worshipped Cheibriados.
Cheibriados was greatly pleased with you.
You were very hungry.
You had blades for hands.
You visited 1 branch of the dungeon, and saw 11 of its levels.
You also visited: Sewer.

You collected 585 gold pieces.

Inventory:

Missiles
 a - 95 arrows
 u - 5 arrows of dispersal
 E - 38 arrows of flame
Armour
 l - a +0 cloak (worn)
 y - a +0 pair of gloves (melded)
Jewellery
 t - a ring of protection from cold (right scythe-like blade)
 F - a ring of see invisible (left scythe-like blade)
 K - an uncursed amulet of stasis
Wands
 x - a wand of lightning (6)
 D - a wand of digging (9)
 H - a wand of polymorph (8)
 L - a wand of fire (9)
Scrolls
 e - 2 scrolls of fog
 m - 4 scrolls of teleportation
 o - 2 scrolls of magic mapping {unknown}
 q - 4 scrolls of remove curse
 r - 2 scrolls of recharging {unknown}
 s - a scroll of fear {unknown}
 v - a scroll of immolation
 I - a scroll of blinking {unknown}
Potions
 b - 2 potions of poison {unknown}
 d - 4 potions of agility
 f - 2 potions of cancellation {unknown}
 h - 5 potions of curing
 i - a potion of lignification
 z - 2 potions of might
 A - a potion of mutation {unknown}
 B - a potion of invisibility
 C - 2 potions of flight
 J - a potion of haste {unknown}
Miscellaneous
 G - a fan of gales
Comestibles
 c - 9 bread rations
 g - a royal jelly
 n - 6 meat rations
 w - 2 slices of pizza


   Skills:
 - Level 5.0 Fighting
 + Level 8.8 Dodging
 - Level 9.1 Unarmed Combat
 - Level 3.3 Spellcasting
 - Level 12.4 Transmutations
 - Level 5.1 Invocations
 + Level 2.4 Evocations


You had 2 spell levels left.
You knew the following spells:

 Your Spells              Type           Power        Failure   Level  Hunger
a - Blade Hands           Trmt           ######....   17%         5    ######.
b - Sticks to Snakes      Trmt           ######..     8%          2    #......
c - Spider Form           Trmt/Pois      #####.....   21%         3    ###....
d - Ice Form              Ice/Trmt       #####...     45%         4    ####...


Dungeon Overview and Level Annotations

Branches:
Dungeon (11/15)            Temple (0/1) D:6            Lair (0/8) D:8
    Orc (0/4) D:10

Altars:
Cheibriados
Elyvilon
Fedhas
Gozag
Makhleb
Okawaru
Qazlal
Ru
Sif Muna
Vehumet
Yredelemnul
Beogh

Shops:
D:4 [


Innate Abilities, Weirdness & Mutations

You can spit globs of acid.
You are resistant to acid.
Your golden yellow scales are hard (AC +7).
Your body does not fit into most forms of armour.
You are cold-blooded and may be slowed by cold attacks.


Message History

* * * LOW HITPOINT WARNING * * *
The hound bites you but does no damage.
Read which item? (? for menu, Esc to quit)
Okay, then.
The flow of time bends around you.
Cheibriados rebukes the hound.
The hound seems to slow down.
Cheibriados rebukes the cyan ugly thing.
The cyan ugly thing seems to slow down.
You are feeling very hungry.
The hound closely misses you. The cyan ugly thing closely misses you.
You shred the cyan ugly thing!!! You slash the cyan ugly thing!
The cyan ugly thing is severely wounded.
The hound bites you but does no damage.
You hit the cyan ugly thing.
The cyan ugly thing is severely wounded.
The cyan ugly thing engulfs you.
* * * LOW HITPOINT WARNING * * *
The cyan ugly thing shocks you!
You die...

......).. ......... ....
......... .... #########
... %.# ..# ..#
#################†.#####
................@u......
..........)......h......
........................
########################


You could see a cyan ugly thing and a hound.

Vanquished Creatures
  Fannar (D:11)
  An ugly thing (D:11)
  2 red devils (D:8)
  A trapdoor spider zombie (D:9)
  A spriggan (D:7)
  A wraith (D:9)
  Sigmund (D:4)
  5 yaks (D:9)
  2 deep elf magi (D:9)
  3 hungry ghosts
  2 hippogriffs
  A water moccasin (D:6)
  9 orc warriors
  4 sky beasts
  2 wasps (D:10)
  An ice beast (D:7)
  A necrophage (D:7)
  7 ogres
  4 centaurs
  4 big kobolds
  3 giant frogs
  2 wyvern skeletons
  A water moccasin zombie (D:5)
  3 scorpions
  2 killer bees (D:9)
  5 wights (D:8)
  4 crimson imps
  6 hounds
  2 centaur zombies (D:9)
  3 jellies
  A gnoll shaman (D:4)
  A centaur skeleton (D:6)
  2 giant frog zombies
  10 orc priests
  2 iguanas (D:4)
  6 orc wizards
  3 worker ants
  A killer bee zombie (D:8)
  2 hound skeletons
  2 mummies
  Robin (D:3)
  3 gnolls (D:4)
  A worker ant zombie (D:8)
  16 adders
  4 shadow imps
  5 oozes
  3 adder skeletons
  3 adder zombies
  7 worms
  2 giant geckos (D:4)
  46 orcs
  12 giant cockroaches
  24 goblins
  11 hobgoblins
  26 kobolds
  4 quokkas
  2 ball pythons (D:6)
  8 bats
  A giant gecko skeleton (D:4)
  2 giant gecko zombies
  3 giant newts
  21 jackals
  A jackal zombie (D:7)
  3 quokka skeletons
  10 rats
  A butterfly (D:6)
334 creatures vanquished.

Vanquished Creatures (collateral kills)
  2 yaks (D:9)
  An ice beast (D:9)
  A killer bee (D:9)
  Ijyb (D:3)
  3 adders (D:2)
  A goblin (D:3)
  A jackal (D:3)
  A giant cockroach (D:2)
  A giant newt (D:3)
  A quokka (D:9)
13 creatures vanquished.

Vanquished Creatures (others)
  A kobold (D:2)
  3 plants (D:4)
4 creatures vanquished.

Grand Total: 351 creatures vanquished

Notes
Turn   | Place    | Note
--------------------------------------------------------------
     0 | D:1      | FishmanTm the Draconian Transmuter began the quest for the Orb.
     0 | D:1      | Reached XP level 1. HP: 16/16 MP: 3/3
     3 | D:1      | You fall through a shaft!
   197 | D:2      | Reached XP level 2. HP: 21/24 MP: 3/5
   238 | D:2      | Learned a level 2 spell: Sticks to Snakes
   562 | D:2      | Reached XP level 3. HP: 27/31 MP: 2/6
   633 | D:2      | Found a sacrificial altar of Ru.
   684 | D:2      | Found a stormy altar of Qazlal.
   938 | D:2      | Reached XP level 4. HP: 34/38 MP: 1/7
  1155 | D:3      | Reached skill level 4 in Unarmed Combat
  1257 | D:3      | Noticed Ijyb
  1275 | D:3      | Killed Ijyb
  1819 | D:3      | Learned a level 3 spell: Spider Form
  1840 | D:3      | Reached XP level 5. HP: 45/45 MP: 6/8
  1852 | D:3      | Found a burning altar of Makhleb.
  1852 | D:3      | Found a blossoming altar of Fedhas.
  2026 | D:4      | Reached skill level 5 in Unarmed Combat
  2041 | D:4      | Found Tayssohy's Armour Shoppe.
  2067 | D:4      | Noticed Robin
  2114 | D:5      | Entered Level 5 of the Dungeon
  2549 | D:3      | Killed Robin
  2964 | D:4      | Noticed Sigmund
  2975 | D:4      | Killed Sigmund
  2975 | D:4      | Reached XP level 6. HP: 51/51 MP: 4/9
  3257 | D:4      | Reached skill level 5 in Transmutations
  3257 | D:4      | Your scales start taking on a golden yellow colour.
  3257 | D:4      | Reached XP level 7. HP: 44/57 MP: 6/10
  3894 | D:4      | Found an iron altar of Okawaru.
  3917 | D:4      | Reached skill level 6 in Unarmed Combat
  4400 | D:5      | Reached skill level 7 in Unarmed Combat
  4749 | D:5      | Reached XP level 8. HP: 26/63 MP: 8/11
  4956 | D:5      | Found a radiant altar of Vehumet.
  4969 | D:5      | Reached skill level 8 in Unarmed Combat
  5168 | D:5      | Found an opulent altar of Gozag.
  5275 | D:5      | Found a basalt altar of Yredelemnul.
  5430 | D:6      | Found a deep blue altar of Sif Muna.
  5592 | D:6      | Reached skill level 9 in Unarmed Combat
  5762 | D:6      | Found a white marble altar of Elyvilon.
  5910 | D:6      | Found a staircase to the Ecumenical Temple.
  6063 | D:6      | Found a glowing drain.
  6089 | Sewer    | Entered a sewer
  6494 | Sewer    | Reached skill level 5 in Fighting
  7371 | D:7      | Reached XP level 9. HP: 69/74 MP: 12/12
  7510 | D:7      | Reached skill level 5 in Dodging
  7716 | D:7      | Reached skill level 12 in Transmutations
  7716 | D:7      | Reached XP level 10. HP: 81/81 MP: 13/13
  7724 | D:7      | Learned a level 4 spell: Ice Form
  8272 | D:7      | Found a snail-covered altar of Cheibriados.
  8286 | D:7      | Became a worshipper of Cheibriados the Contemplative
  8296 | D:7      | Learned a level 5 spell: Blade Hands
  8803 | D:8      | Noticed a hell beast
  8804 | D:8      | Found a basalt altar of Yredelemnul.
  8805 | D:8      | Noticed a rust devil
  8805 | D:8      | Noticed a rust devil
  9034 | D:8      | Reached * piety under Cheibriados
 10564 | D:9      | Reached ** piety under Cheibriados
 10803 | D:9      | Reached skill level 1 in Invocations
 11082 | D:9      | Reached XP level 11. HP: 38/86 MP: 13/16
 11091 | D:9      | Reached *** piety under Cheibriados
 12094 | D:10     | Entered Level 10 of the Dungeon
 12316 | D:10     | Reached **** piety under Cheibriados
 12401 | D:10     | Found a roughly hewn altar of Beogh.
 12401 | D:10     | Found a staircase to the Orcish Mines.
 12605 | D:10     | Found a white marble altar of Elyvilon.
 12828 | D:8      | Found a staircase to the Lair.
 13222 | D:8      | Reached skill level 5 in Invocations
 13448 | D:11     | Noticed Fannar
 13467 | D:11     | Killed Fannar
 13467 | D:11     | Reached skill level 1 in Evocations
 13506 | D:11     | Mangled by a cyan ugly thing

Vault maps used:
D:1:      matt_arrival_refuge, nicolae_ashenzari_panopticon
D:2:      grunt_qazlal_clouds, nicolae_overflow_crystal_walls, first_bread,
          minmay_crystal_room
D:3:      kennysheep_goblin_castle, amethyst_overflow_temple_binary
D:4:      lemuel_doored_altar, gup_ossuary_entry_pyramid, serial_shops,
          nicolae_shop_waterfront, serial_bayou_pond_c, uniq_robin, uniq_sigmund
D:5:      vehumet_altar_wand_db, kennysheep_mini, lemuel_crystal_altar,
          serial_bayou_ford_a, minmay_misc_feat_nine_boxes
D:6:      elyvilon_altar_5, nicolae_overflow_hidden_temple,
          minmay_temple_entry_butterflies, portal_sewer_entry_e
D:7:      slow_altar_2, minmay_misc_feat_secret_circle, the_bakery
D:8:      lair_0_dummy, lemuel_hellish_altar
D:9:      kennysheep_generic_room_16
D:10:     david_orc_5, basic_altar
D:11:     eino_tiny_chamber, uniq_erolcha, uniq_fannar
Sewer:    sewer_fruit_machine

Action                   |  1- 3 |  4- 6 |  7- 9 | 10-12 || total
-------------------------+-------+-------+-------+-------++-------
Melee: Unarmed           |   121 |   213 |   286 |   464 ||  1084
 Cast: Beastly Appendage |    20 |    21 |       |       ||    41
       Sticks to Snakes  |     6 |    11 |     1 |     8 ||    26
       Spider Form       |       |     8 |    20 |    14 ||    42
       Blade Hands       |       |       |       |    22 ||    22
       Ice Form          |       |       |       |     3 ||     3
Invok: Bend Time         |       |       |       |     2 ||     2
       Slouch            |       |       |       |     2 ||     2
       Temporal Distorti |       |       |       |     1 ||     1
 Abil: Spit Acid         |       |       |     6 |     6 ||    12
       End Transformatio |       |       |     1 |     1 ||     2
  Use: Scroll            |       |       |    12 |     6 ||    18
       Potion            |       |       |     4 |     1 ||     5
 Stab: Sleeping          |       |       |     1 |     1 ||     2
  Eat: Chunk             |     1 |    11 |    18 |    23 ||    53
       Beef jerky        |       |       |     1 |       ||     1
